 Dungeon Crawl Stone Soup version 0.28-a0-1632-g283549b12f (webtiles) character file.

Game seed: 6188832164084258314

1 Ijustatesigmund the Sneak (level 1, -1/14 HPs)
             Began as a Gargoyle Delver on Jan 25, 2022.
             Frozen to death by an endoplasm (4 damage)
             ... on level 4 of the Dungeon.
             The game lasted 00:00:27 (51 turns).

Ijustatesigmund the Sneak (Gargoyle Delver)           Turns: 51, Time: 00:00:27

Health: -1/14      AC:  5    Str: 15    XL:     1   Next: 20%
Magic:  1/1        EV: 11    Int: 10    God:
Gold:   0          SH:  0    Dex: 11    Spells: 0/0 levels left

rFire   . . .      SeeInvis .   a - +0 mace
rCold   . . .      Faith    .   (no shield)
rNeg    + . .      Spirit   .   b - +0 leather armour
rPois   ∞          Reflect  .   (no helmet)
rElec   +          Harm     .   (no cloak)
rCorr   .          Rampage  .   (no gloves)
Will    .....                   (no boots)
Stlth   +++.......              (no amulet)
HPRegen 0.04/turn               (no ring)
MPRegen 0.07/turn               (no ring)

@: no status effects
A: sickness immunity, AC +2, negative energy resistance 1, electricity
resistance, torment resistance 1, petrification resistance
a: no special abilities


You were on level 4 of the Dungeon.
You visited 1 branch of the dungeon, and saw 2 of its levels.

Inventory:

Hand Weapons
 a - a +0 mace (weapon)
Armour
 b - a +0 leather armour (worn)
Wands
 g - a wand of digging (3)
Scrolls
 c - a scroll of fog
 e - a scroll of fear
Potions
 f - a potion of haste


   Skills:
 + Level 3.3 Fighting
 + Level 2.0 Maces & Flails
 + Level 1.6 Dodging
 + Level 5.5 Stealth


You couldn't memorise any spells.
You didn't know any spells.
Your spell library was empty.

Dungeon Overview and Level Annotations

Branches:
Dungeon (5/15)             Temple (0/1) D:4

Altars:

Shops:
D:4 !*[

Annotations:
D:4 Duvessa


Innate Abilities, Weirdness & Mutations

You are immune to sickness and miasma.
Your stone body is resilient. (AC +2)
You are immune to poison.
You resist negative energy. (rN+)
You are resistant to electric shocks. (rElec)
You are resistant to unholy torment.
You are immune to petrification.


Message History

Found Yhem's Antique Armour Emporium.
You see here 7 gold pieces.
Found a scroll labelled RYWANYN LYNE.
Found Kamilil's Distillery.
Found a bubbling amethyst potion.
Duvessa, Sister of Dowan comes into view.
She is wielding a +0 short sword.
You see here a ring of poison resistance.
You see here 7 gold pieces.
A giant cockroach and an iguana come into view.
Found a staircase to the Ecumenical Temple.
The endoplasm quivers.
You see here a bubbling emerald potion.
Found a war axe.
The endoplasm freezes you.
You are frozen.
You barely miss the endoplasm. The endoplasm barely misses you.
You hit the endoplasm.
The endoplasm is severely wounded.
The endoplasm quivers.
The endoplasm hits you.
You hit the endoplasm.
You kill the endoplasm!
You closely miss the iguana. The iguana bites you. The endoplasm freezes you.
You are frozen.
* * * LOW HITPOINT WARNING * * *
The iguana barely misses you.
You are too injured to fight recklessly!
You are too injured to fight recklessly!
You are too injured to fight recklessly!
You are too injured to fight recklessly!
You are too injured to fight recklessly!
You are too injured to fight recklessly!
The endoplasm hits you.
* * * LOW HITPOINT WARNING * * *
Found 2 black potions.
The endoplasm hits you.
* * * LOW HITPOINT WARNING * * *
There is a stone staircase leading down here.
The endoplasm freezes you.
You are frozen.
You die...

..... .# #. )..##..#
##..#...#..##
#.B.#.>.#...
#.#.#...#.#
.###.........#
.............# # .
#......b.lJ..##....
.##.........>@.....!.
..........!.........
...................
♣.♣?♣.♣..$>...###...
.∩.⌠.∩.............#
.♣.♣.♣.♣.###.###### .
..⌠.⌠.⌠=.# ..#
.♣.♣.♣.♣.......
⌠.∩....####


You could see an iguana, an endoplasm and a giant cockroach.

Vanquished Creatures
  An endoplasm (D:4)
1 creature vanquished.

Notes
Turn   | Place    | Note
-------+----------+-------------------------------------------
     0 | D:5      | Ijustatesigmund the Gargoyle Delver began the quest for the
                  | Orb.
     0 | D:5      | Reached XP level 1. HP: 14/14 MP: 1/1
    30 | D:4      | Found Muint's General Store.
    31 | D:4      | Found Yhem's Antique Armour Emporium.
    32 | D:4      | Found Kamilil's Distillery.
    34 | D:4      | Noticed Duvessa
    38 | D:4      | Found a staircase to the Ecumenical Temple.
    38 | D:4      | Noticed an iguana
    51 | D:4      | Frozen to death by an endoplasm

Illustrated notes

Levels and vault maps discovered:
D:4:      minmay_wonky_spiral, layout_rooms, lemuel_tele_altar,
          minmay_temple_entry_butterflies, serial_co_window_serial,
          co_window_corner_a, co_window_paths_a, co_window_of_opportunity_a,
          co_window_corner_a, co_window_corner_a, co_window_corner_ca,
          co_window_unsneaky_path_e, co_window_unsneaky_path_c,
          co_window_4corner_a, glass_columns_a, glass_columns_b,
          minmay_shop_grid_forest, uniq_sigmund, uniq_duvessa
D:5:      layout_cave_pods, serial_shops, nicolae_shop_waterfront, shop,
          small_statue_intersection, uniq_pikel, uniq_edmund, uniq_grinder

Action                   || total
-------------------------++-------
Melee: Mace              ||     4
  Use: Scroll            ||     1
Dodge: Dodged            ||     2

Table legend: (Time is in decaauts)
 A = Elapsed time spent in this place.
 B = Non-inter-level travel time spent in this place.
 C = Inter-level travel time spent in this place.
 D = Time resting spent in this place.
 E = Time spent auto-exploring this place.
 F = Levels seen in this place.
 G = Mean time per level.
                   A        B        C        D        E       F      G
               +--------+--------+--------+--------+--------+-----+--------+
         Total |     52 |     23 |     29 |      0 |      0 |   2 |   26.0 |
       Dungeon |     52 |     23 |     29 |      0 |      0 |   2 |   26.0 |
               +--------+--------+--------+--------+--------+-----+--------+

Top non-repeatable levels by time:
     D:5: 30 daAuts
     D:4: 22 daAuts
